Workbook
Name \0: [1]FORFAAC!#REF!
Name \0: #REF!
Name \0: [1]FORFAAC!#REF!
Name \0: [2]FORFAAC!#REF!
Name \0: [2]FORFAAC!#REF!
Name \0: [2]FORFAAC!#REF!
Name \0: #REF!
Name \0: #REF!
Name \0: #REF!
Name \0: #REF!
Name \0: [1]FORFAAC!#REF!
Name \0: [1]FORFAAC!#REF!
Name \0: [1]FORFAAC!#REF!
Name \0: [1]FORFAAC!#REF!
Name \1: #REF!
Name \1: #REF!
Name \a: [3]PJ!#REF!
Name \a: [1]FORFAAC!#REF!
Name \a: [2]FORFAAC!#REF!
Name \a: [2]FORFAAC!#REF!
Name \a: [2]FORFAAC!#REF!
Name \A: [4]A!$D$9:$D$53
Name \a: [3]PJ!#REF!
Name \a: [3]PJ!#REF!
Name \a: [3]PJ!#REF!
Name \a: [1]FORFAAC!#REF!
Name \a: [1]FORFAAC!#REF!
Name \a: [1]FORFAAC!#REF!
Name \a: [1]FORFAAC!#REF!
Name \b: #REF!
Name \b: #REF!
Name \c: #REF!
Name \c: #REF!
Name \d: [1]FORFAAC!#REF!
Name \d: #REF!
Name \d: [1]FORFAAC!#REF!
Name \d: [2]FORFAAC!#REF!
Name \d: [2]FORFAAC!#REF!
Name \d: [2]FORFAAC!#REF!
Name \d: #REF!
Name \d: #REF!
Name \d: #REF!
Name \d: #REF!
Name \d: [1]FORFAAC!#REF!
Name \d: [1]FORFAAC!#REF!
Name \d: [1]FORFAAC!#REF!
Name \d: [1]FORFAAC!#REF!
Name \e: #REF!
Name \e: #REF!
Name \f: [1]FORFAAC!#REF!
Name \f: [2]FORFAAC!#REF!
Name \f: [2]FORFAAC!#REF!
Name \f: [2]FORFAAC!#REF!
Name \f: #REF!
Name \f: [1]FORFAAC!#REF!
Name \f: [1]FORFAAC!#REF!
Name \f: [1]FORFAAC!#REF!
Name \f: [1]FORFAAC!#REF!
Name \g: #REF!
Name \h: #REF!

Sheet Aclaraciones diligenciamiento
C1: PRESUPUESTO PROYECTO DE OBRA MENOR A 2000 SMLV | G1: Código: GP-F442
G2: Versión: 1
G3: Fecha: 21/05/2025
A5: A continuación se encuentran los aclaratorios de diligenciamiento de cada una de las hojas del presente Formato: - Presupuesto General. - Anex. 1. AIU. - Anex. 2. PMA. - Anex. 3. PMT. - Anex. 4. PGS. - Anex. 5. Interv. Obra Civil. - Anex. 6. FM. - Anex. 7. Lista Cantidades. - Anex. 8. Memoria Cantidades. - Anex. 9. Lista APU. - Anex. 10. APU´s. - Anex. 11. Materiales. - Anex. 12. Equipos. - Anex. 13. Transporte. - Anex. 14. Mano de Obra
A7: Presupuesto General
A8: A. | B8: ÍTEM | C8: Codificación del ítem, de manera consecutiva por subcapítulos. Ejemplo: Subcapítulo 1. Actividades de subcapítulo 1; 1.1.
A9: B. | B9: No. APU | C9: *Debe ser un código único, el cual se conformara de las tres (3) primeras letras del subcapítulo + numeración continua, ejemplo: NOMBRE DEL SUBCAPITULO: PRELIMINAR, es decir que el primer APU se nombraria: PRE-1 y el siguiente PRE-2, PRE-3, etc. Otro ejemplo de SUBCAPITULO ES EXCAVACIONES, por ende los No. APU serían: EXC-1, EXC-2, EXC-3... *Esta codificación debe ser igual que la mencionada en la pestaña Lista APU; Anexo No.9 Formato GP-F442 y en la pestaña APU's; Anexo No.10 Formato GP-F442 pues deben ir enlazados entre si. Es decir, debe llevar el mismo consecutivo asignado. Ejemplo: PRE-1, EXC-2...
A10: C. | B10: NOMBRE SUBCAPITULO | C10: Los subcapitulos se nombrarán de acuerdo con los Ítem a realizar; es decir Actividades; Preliminares, Excavaciones, Retiro, Rellenos, Suministros e Instalación, entre otras.
A11: D. | B11: DESCRIPCIÓN DE ÍTEMS | C11: En las casillas de descripción del ítem se nombrarán los Ítems específicos a realizar; es decir Actividades específicas: localización, excavación en roca, relleno, cargue y retiro, concreto, etc.
A12: E. | B12: UNIDAD | C12: En este espacio se colocan las unidades correspondientes a las cantidades de los Ítems. Ejemplo; ml, m³, entre otras.
A13: F. | B13: COSTO REMUNERACIÓN GESTOR | C13: Este porcentaje siempre es del cuatro porciento (4%).
A15: Anex. 1. AIU.
A16: A. | B16: 1. ADMINISTRACIÓN DE OBRA | C16: En esta seccion se deben incorporar personal auxiliar, profesional, instalaciones, estudios, gastos varios, etc.
A17: B. | B17: % | C17: El porcentaje de cada ítem.
A18: C. | B18: DEDICACIÓN | C18: El porcentaje de dedicación del personal.
A19: D. | B19: 2. LEGALIZACION, IMPUESTOS Y SEGUROS | C19: En esta seccion se deben incorporar Gastos legales, Publicaciones, Estampillas, Garantias y seguros, etc.
A20: E. | B20: TOTAL ADMINISTRACION (A) | C20: Se sugiere que este porcentaje sea de máximo el 25,25 % sobre el Total Costo Directo Obra Civil.
A21: F. | B21: IMPREVISTOS | C21: Se sugiere que este porcentaje sea de máximo el 1 % sobre el Total Costo Directo Obra Civil.
A22: G. | B22: UTILIDADES | C22: Se sugiere que este porcentaje sea de máximo el 5 % sobre el Total Costo Directo Obra Civil.
A24: Anex. 2. PMA.
A25: A. | B25: ÍTEM | C25: Codificación del ítem, de manera consecutiva por apartado. Ejemplo: Apartado 1. Actividades de apartado 1; 1.1.
A26: B. | B26: DESCRIPCIÓN DE ÍTEMS | C26: En las casillas de descripción del ítem se nombrarán los Ítems específicos a realizar; es decir Actividades específicas: residente ambiental, carretilla, materiales absorbentes, carrotanque, protección escombros, etc.
A27: C. | B27: UNIDAD | C27: En este espacio se colocan las unidades correspondientes a las cantidades de los Ítems. Ejemplo; ml, m³, entre otras.
A28: D. | B28: VALOR UNITARIO | C28: Costo de la actividad descrtia en el ítem por unidad del mismo
A29: E. | B29: % DEDICACIÓIN | C29: El porcentaje de dedicación del personal.
A30: F. | B30: VALOR MES | C30: Es el valor unitario por la cantidad del ítem.
A32: Anex. 3. PMT.
A33: A. | B33: ÍTEM | C33: Codificación del ítem, de manera consecutiva por apartado. Ejemplo: Apartado 1. Actividades de apartado 1; 1.1.
A34: B. | B34: DESCRIPCIÓN DE ÍTEMS | C34: En las casillas de descripción del ítem se nombrarán los Ítems específicos a realizar; es decir Actividades específicas: residente ambiental, carretilla, materiales absorbentes, carrotanque, protección escombros, etc.
A35: C. | B35: UNIDAD | C35: En este espacio se colocan las unidades correspondientes a las cantidades de los Ítems. Ejemplo; ml, m³, entre otras.
A36: D. | B36: VALOR UNITARIO | C36: Costo de la actividad descrtia en el ítem por unidad del mismo
A37: E. | B37: % DEDICACIÓIN | C37: El porcentaje de dedicación del personal.
A38: F. | B38: VALOR MES | C38: Es el valor unitario por la cantidad del ítem.
A40: Anex. 4. PGS.
A41: A. | B41: ÍTEM | C41: Codificación del ítem, de manera consecutiva por apartado. Ejemplo: Apartado 1. Actividades de apartado 1; 1.1.
A42: B. | B42: DESCRIPCIÓN DE ÍTEMS | C42: En las casillas de descripción del ítem se nombrarán los Ítems específicos a realizar; es decir Actividades específicas: residente ambiental, carretilla, materiales absorbentes, carrotanque, protección escombros, etc.
A43: C. | B43: UNIDAD | C43: En este espacio se colocan las unidades correspondientes a las cantidades de los Ítems. Ejemplo; ml, m³, entre otras.
A44: D. | B44: VALOR UNITARIO | C44: Costo de la actividad descrtia en el ítem por unidad del mismo
A45: E. | B45: % DEDICACIÓIN | C45: El porcentaje de dedicación del personal.
A46: F. | B46: VALOR MES | C46: Es el valor unitario por la cantidad del ítem.
A48: Anex. 5. Interv. Obra Civil.
A49: A. | B49: 1. COSTOS DE PERSONAL | C49: En las casillas de DEDICACIÓN se coloca el porcentaje de dedicación del cargo. En las casillas de MESES se coloca el tiempo de dedicación del cargo.
A50: B. | B50: 2. COSTOS DIRECTOS | C50: En las casillas de DEDICACIÓN se coloca el porcentaje de dedicación del ítem no asociado a personal. En las casillas de MESES se coloca el tiempo de dedicación del ítem no asociado a personal.
A52: Anex. 6. FM
A53: A. | B53: CONCEPTO | C53: Estos írtems son propuestos, sin embargo deben ser validados, actualizados o modificados según lo establecido por ley en cuanto a prestaciones sociales, gastos directos, henerales, honorarios, etc; al momento de elaboración.
A54: B. | B54: PORCENTAJE | C54: Igual que en el concepto los porcentajes de cada ítem deben ser validados, actualizados o modificados según lo establecido por ley en cuanto a prestaciones sociales, gastos directos, henerales, honorarios, etc; al momento de elaboración.
A56: Anex. 7. Lista Cantidades.
A57: A. | B57: ÍTEM | C57: Codificación del ítem, de manera consecutiva por subcapítulos. Ejemplo: Subcapítulo 1. Actividades de subcapítulo 1; 1.1.
A58: B. | B58: No. APU | C58: *Debe ser el mismo referenciado en las pestañas: Lista APU - Anexo No.9 Formato GP-F442 y APU's - Anexo No.10 Formato GP-F442 correspondientes, así como a la pestaña Presupuesto General ya que deben ir enlazados entre si. Es decir, debe llevar el mismo consecutivo asignado. Ejemplo: PRE-1, EXC-2... *Debe ser un código único, el cual se conformara de las tres (3) primeras letras del subcapítulo + numeración continua, ejemplo: NOMBRE DEL SUBCAPITULO: PRELIMINAR, es decir que el primer APU se nombraria: PRE-1 y el siguiente PRE-2, PRE-3. Otro ejemplo de SUBCAPITULO ES EXCAVACIONES, por ende los No. APU serían: EXC-1, EXC-2, EXC-3... *Se incluyen los suministros (SA-1, SB-1...).
A59: C. | B59: NOMBRE SUBCAPITULO | C59: *Los subcapitulos se nombrarán de acuerdo con los Ítem a realizar; es decir Actividades; Preliminares, Excavaciones, Retiro, Rellenos, Instalación, Suministro, entre otras. *Los subcapítulos en cada capitulo deben ir separados OBRA CIVIL y SUMINISTROS.
A60: D. | B60: DESCRIPCIÓN DE ÍTEMS | C60: *En las casillas de descripción del ítem se nombrarán los Ítems específicos a realizar; es decir Actividades específicas: localización, excavación en roca, relleno, cargue y retiro intalación de tuberia, tubería, concreto, entre otras. *Los subcapítulos en cada capitulo deben ir separados OBRA CIVIL y SUMINISTROS.
A61: E. | B61: UNIDAD | C61: En este espacio se colocan las unidades correspondientes a las cantidades de los Ítems. Ejemplo; ml, m³, entre otras.
A63: Anex. 8. Memoria Cantidades.
A64: A. | B64: ÍTEM | C64: Codificación del ítem, de manera consecutiva por subcapítulos. Ejemplo: Subcapítulo 1. Actividades de subcapítulo 1; 1.1.
A65: B. | B65: DESCRIPCIÓN | C65: Se debe diligenciar la actividad: suministro, etc.
A66: C. | B66: Espacio <Plano o esquema> | C66: Se debe insertar plano o esquema de la actividad.
A68: Anex. 9. Lista APU.
A69: A. | B69: No. APU | C69: *Debe ser el mismo referenciado en las pestañas: Lista Cantidades- Anexo No.7 Formato GP-F442 y APU's - Anexo No.10 Formato GP-F442 correspondientes, así como a la pestaña Presupuesto General ya que deben ir enlazados entre si. Es decir, debe llevar el mismo consecutivo asignado. Ejemplo: PRE-1, EXC-2... *Debe ser un código único, el cual se conformara de las tres (3) primeras letras del subcapítulo + numeración continua, ejemplo: NOMBRE DEL SUBCAPITULO: PRELIMINAR, es decir que el primer APU se nombraria: PRE-1 y el siguiente PRE-2, PRE-3, etc. Otro ejemplo de SUBCAPITULO ES EXCAVACIONES, por ende los No. APU serían: EXC-1, EXC-2, EXC-3... *Se incluyen los suministros (SA-1, S-B1...).
A70: B. | B70: DESCRIPCIÓN | C70: En las casillas de descripción del ítem se nombrarán los Ítems específicos a realizar; es decir Actividades específicas: localización, excavación en roca, relleno, cargue y retiro intalación de tuberia, tubería, concreto, entre otras.
A72: Anex. 10. APU´s.
A73: A. | B73: RENDIMIENTO/HORA | C73: Rendimiento del equipo por hora en decimales.
A74: B. | B74: CANTIDAD | C74: Cantidad de material requerido para realizar la actividad. | F74: Se coloca la actividad, suministro, etc.
A75: C. | B75: DISTANCIA | C75: Distancia necesaria de transporte en km. | F75: Se coloca la actividad, suministro, etc.
A76: D. | B76: m3/Km | C76: Valor del transporte de m3 de material por kilometro de recorrido. | F76: Se coloca la actividad, suministro, etc.
A77: E. | B77: RENDIMIENTO /DIA | C77: Rendimiento de mano de obra al día en decimales. | F77: Se coloca la actividad, suministro, etc.
A78: NOTA ACLARATORIA: | C78: Los suministros y la instalación también deben tener su APU correspondiente.
A80: Anex. 11. Materiales.
A81: A. | B81: PROVEEDOR O FUENTE DE INFORMACIÓN | C81: *Colocar el proveedor, cotización o lista de donde se saca el precio, así como el valor exacto del material considerando su IVA si es el caso. Por favor ser muy claros con el nombre, que corresponda al mismo que se encontrará en la carpeta de cotizaciones. *Se debe anexar al presupuesto una carpeta con las cotizaciones correspondientes con máximo 3 meses de antigüedad.
A82: B. | B82: PRECIO | C82: Se debe colocar el promedio de las tres cotizaciones o el valor más bajo, según el criterio y análisis del consultor.
A84: Anex. 12. Equipos.
A85: A. | B85: PROVEEDOR O FUENTE DE INFORMACIÓN | C85: *Colocar el proveedor, cotización o lista de donde se saca el precio, así como el valor exacto del alquiler o compra del equipo. Por favor ser muy claros con el nombre, que corresponda al mismo que se encontrará en la carpeta de cotizaciones. *Se debe anexar al presupuesto una carpeta con las cotizaciones correspondientes con máximo 3 meses de antigüedad.
A86: B. | B86: PRECIO | C86: Se debe colocar el promedio de las tres cotizaciones o el valor más bajo, según el criterio y análisis del consultor.
A88: Anex. 13. Transporte.
A89: A. | B89: PROVEEDOR O FUENTE DE INFORMACIÓN | C89: *Colocar el proveedor, cotización o lista de donde se saca el precio, así como el valor exacto del transporte.Por favor ser muy claros con el nombre, que corresponda al mismo que se encontrará en la carpeta de cotizaciones. *Se debe anexar al presupuesto una carpeta con las cotizaciones correspondientes con máximo 3 meses de antigüedad.
A90: B. | B90: PRECIO | C90: Se debe colocar el promedio de las tres cotizaciones o el valor más bajo, según el criterio y análisis del consultor.
A92: Anex. 14. Mano de Obra.
A93: A. | B93: VALORES POR HORA AÑO | C93: Se coloca el año en el que se toma el SMMLV para definir los costos de mano de obra.
A94: B. | B94: VR ($) MES SALARIO MÍNIMO (SIN AUX. TRANSPORTE) | C94: Es el SMMLV al año que se especifica en VALORES POR HORA AÑO, sin tener en cuenta el auxilio de transporte.
A95: NOTA ACLARATORIA: | C95: Los ítems de mano de obra pueden ser modificados según se requiuera, teniendo en cuenta el manejo específico que se ha propuesto en este anexo.

Sheet Presupuesto General
C1: PRESUPUESTO PROYECTO DE OBRA MENOR A 2000 SMLV | G1: Código: GP-F442
G2: Versión: 1
G3: Fecha: 21/05/2025
A5: NOMBRE DEL PROYECTO: | F5: FECHA DE ELABORACIÓN:
A7: PRESUPUESTO GENERAL
A9: Componente | C9: Acueducto / Alcantarillado Sanitario / Alcantarillado Pluvial / Planta de tratamiento de Agua Potable / Planta de Tratamiento de Agua Residual…
A10: Capítulo A. | C10: A. Redes / Pozos / Cámaras / Desarenador / Bocatoma…
A11: OBRA CIVIL
A12: ÍTEM | B12: No. APU | C12: DESCRIPCIÓN DE ÍTEMS | D12: UNIDAD | E12: CANTIDAD | F12: VALOR UNITARIO | G12: VALOR TOTAL
A13: 1 | B13: No. APU | C13: Nombre Subcapítulo 1
A14: 1.1 | B14: <PRE-1> | C14: <ÍTEM> | D14: <Unidad> | E14: =VLOOKUP(B14,'Anex. 7. Lista Cantidades'!B:E,4,) -> 0 | F14: =VLOOKUP(B14,'Anex. 9. Lista APU'!A:E,5,) -> 0 | G14: =ROUND(E14*F14,0) -> 0
A15: =CONCATENATE("SUBTOTAL"," ",C13) -> SUBTOTAL Nombre Subcapítulo 1 | G15: =SUBTOTAL(9,G14:G14) -> 0
A16: 2 | B16: No. APU | C16: Nombre Subcapítulo 2
A17: 2.1 | B17: <EXC-1> | C17: <ÍTEM> | D17: <Unidad> | E17: =VLOOKUP(B17,'Anex. 7. Lista Cantidades'!B:E,4,) -> 0 | F17: =VLOOKUP(B17,'Anex. 9. Lista APU'!A:E,5,) -> 0 | G17: =ROUND(E17*F17,0) -> 0
A18: =CONCATENATE("SUBTOTAL"," ",C16) -> SUBTOTAL Nombre Subcapítulo 2 | G18: =SUBTOTAL(9,G17:G17) -> 0
A19: Capítulo B. | C19: B. Redes / Pozos / Cámaras / Desarenador / Bocatoma…
A20: OBRA CIVIL
A21: 3 | C21: Nombre Subcapítulo 3
A22: 3.1 | B22: <PRE-1> | C22: <ÍTEM> | D22: <Unidad> | E22: =VLOOKUP(B22,'Anex. 7. Lista Cantidades'!B:E,4,) -> 0 | F22: =VLOOKUP(B22,'Anex. 9. Lista APU'!A:E,5,) -> 0 | G22: =ROUND(E22*F22,0) -> 0
A23: =CONCATENATE("SUBTOTAL"," ",C21) -> SUBTOTAL Nombre Subcapítulo 3 | G23: =SUBTOTAL(9,G22:G22) -> 0
A24: COSTO OBRA | G24: =G15+G18+G23 -> 0
A25: COSTOS DIRECTOS | G25: =SUBTOTAL(9,G14:G23) -> 0
D27: ADMINISTRACIÓN | F27: ='Anex. 1. AIU'!J41 -> 0.2525 | G27: =F27*$G$24 -> 0
D28: IMPREVISTOS | F28: ='Anex. 1. AIU'!J42 -> 0.01 | G28: =F28*$G$24 -> 0
D29: UTILIDAD | F29: ='Anex. 1. AIU'!J43 -> 0.05 | G29: =F29*$G$24 -> 0
A30: COSTOS AIU | G30: =SUM(G27:G29) -> 0
A32: PLAN DE MANEJO AMBIENTAL | G32: ='Anex. 2. PMA'!J38 -> 0
A33: PLAN DE MANEJO DE TRÁFICO | G33: ='Anex. 3. PMT'!J17 -> 0
A34: PLAN DE GESTIÓN SOCIAL | G34: ='Anex. 4. PGS'!J29 -> 0
A36: COSTOS INDIRECTOS | G36: =G30+G32+G33+G34 -> 0
A38: COSTO OBRA + INDIRECTOS | G38: =G24+G36 -> 0
D40: INTERVENTORÍA OBRA CIVIL | F40: =G40/G38 -> #DIV/0! | G40: ='Anex. 5. Interv. Obra Civil'!I25 -> 0
A41: COSTO TOTAL INTERVENTORÍA | G41: =G40 -> 0
A43: COSTO TOTAL OBRA + INTERVENTORÍA | G43: =G38+G41 -> 0
D45: COSTO REMUNERACIÓN GESTOR | F45: 0.04 | G45: =F45*G43 -> 0
A47: COSTO TOTAL DEL PROYECTO | G47: =G43+G45 -> 0
A50: FIRMA | E50: FIRMA
A51: <Nombre completo> | E51: <Nombre> | R51: <Nombre>
A52: <Cargo definido dentro de la consultoria> | E52: <Cargo definido dentro de la Interventoria> | R52: <Cargo>
A53: CONSULTOR | E53: INTERVENTOR | R53: Interventor

Sheet Anex. 1. AIU
D1: ANEXO No.1 FORMATO GP-F442 - PRESUPUESTO PROYECTO DE OBRA MENOR A 2000 SMLV | L1: Código: GP-F442
L2: Versión: 1
L3: Fecha: 21/05/2025
A5: NOMBRE DEL PROYECTO: | D5: ='Presupuesto General'!C5 -> 0 | J5: FECHA DE ELABORACIÓN: | L5: ='Presupuesto General'!G5 -> 0
A7: ANÁLISIS DE AIU
A9: TOTAL COSTO DIRECTO OBRA CIVIL | L9: ='Presupuesto General'!$G$24 -> 0
A11: 1 | B11: ADMINISTRACION DE OBRA | J11: % | L11: VALOR TOTAL
B12: a. | C12: Personal Auxiliar | I12: DEDICACIÓN | J12: 0.01
C13: <Personal auxiliar> | I13: 0 | J13: 0 | L13: =+($L$9*J13) -> 0
B14: b. | C14: Direccion de obra | J14: 0.0532 | L14: =+($L$9*J14) -> 0
C15: <Personal Profesional> | I15: 0 | J15: 0 | L15: =+($L$9*J15) -> 0
B16: c. | C16: Instalaciones provisionales | J16: 0.01 | L16: =+($L$9*J16) -> 0
C17: <Instalaciones> | J17: 0 | L17: =+($L$9*J17) -> 0
B18: d. | C18: Estudios especiales | J18: 0.008
C19: <Estidos especializados> | J19: 0 | L19: =+($L$9*J19) -> 0
B20: e. | C20: Gastos varios (Dotación, equipos, herramientas menores, EPP, plan de emergencia, etc.) | J20: 0.01
C21: <Otros Gastos> | J21: 0 | L21: =+($L$9*J21) -> 0
C22: Subtotal | J22: =J12+J14+J16+J18+J20 -> 0.0912
A23: 2 | B23: LEGALIZACION, IMPUESTOS Y SEGUROS
C24: Gastos legales | L24: =+($L$9*J24) -> 0
C25: Reteica 9 x mil | J25: 0.009 | L25: =+($L$9*J25) -> 0
C26: Impuesto de Guerra | J26: 0.05 | L26: =+($L$9*J26) -> 0
B27: a. | C27: Publicacion | L27: =+($L$9*J27) -> 0
C28: Impuesto de timbre | J28: 0 | L28: =+($L$9*J28) -> 0
C29: Retencion en la fuente | J29: 0.02 | L29: =+($L$9*J29) -> 0
C30: Estampillas para cuentas de cobro
F31: Prodesarrollo | J31: 0.02 | L31: =+($L$9*J31) -> 0
F32: Prohospitales | J32: 0.02 | L32: =+($L$9*J32) -> 0
F33: Anciano | J33: 0.02 | L33: =+($L$9*J33) -> 0
F34: Cultura | J34: 0.01 | L34: =+($L$9*J34) -> 0
F35: Prouniversidad | J35: 0.005 | L35: =+($L$9*J35) -> 0
C36: Subtotal | J36: =SUM(J25:J35) -> 0.154
B37: b. | C37: Garantias y seguros
C38: Garantia de la propuesta
C39: Garantia de cumplimiento,anticipo,prestaciones, estabilida | J39: 0.0052 | L39: =+($L$9*J39) -> 0
C40: Garantia pago responsabilidad civil extracontractual | J40: 0.0021 | L40: =+($L$9*J40) -> 0
C41: TOTAL ADMINISTRACION (A) | J41: =+J22+J36+J39+J40 -> 0.2525 | L41: =+($L$9*J41) -> 0
C42: IMPREVISTOS | J42: 0.01 | L42: =+($L$9*J42) -> 0
C43: UTILIDADES | J43: 0.05 | L43: =+($L$9*J43) -> 0
C44: TOTAL A.I.U | J44: =J43+J42+J41 -> 0.3125 | L44: =+($L$9*J44) -> 0

Sheet Anex. 2. PMA
C1: ANEXO No.2 FORMATO GP-F442 - PRESUPUESTO PROYECTO DE OBRA MENOR A 2000 SMMLV | J1: Código: GP-F442
J2: Versión: 1
J3: Fecha: 21/05/2025
A5: NOMBRE DEL PROYECTO: | C5: ='[348]Presupuesto General'!C5 -> 0 | I5: FECHA DE ELABORACIÓN: | J5: ='[348]Presupuesto General'!G5 -> 0
A7: PRESUPUESTO IMPLEMENTACIÓN PLAN DE MANEJO AMBIENTAL
A9: ÍTEM | B9: DESCRIPCIÓN DE ÍTEMS | D9: UNIDAD | E9: CANTIDAD | F9: VALOR UNITARIO | G9: % DEDICACIÓN | H9: MESES | I9: VALOR MES | J9: VALOR TOTAL
A10: 1. PERSONAL DEL EQUIPO AMBIENTAL DE OBRA
A11: 1.1 | B11: <ÍTEM> | D11: <Unidad> | E11: 0 | F11: 0 | G11: 0 | H11: 0 | I11: =F11*E11 -> 0 | J11: =ROUND(G11*H11*I11,0) -> 0
A12: =CONCATENATE("SUBTOTAL"," ",A10) -> SUBTOTAL 1. PERSONAL DEL EQUIPO AMBIENTAL DE OBRA | J12: =SUBTOTAL(9,J11:J11) -> 0
A13: 2. PERSONAL MANEJO FORESTAL
A14: 2.1 | B14: <ÍTEM> | D14: <Unidad> | E14: 0 | F14: 0 | G14: 0 | H14: 0 | I14: =F14*E14 -> 0 | J14: =ROUND(G14*H14*I14,0) -> 0
A15: =CONCATENATE("SUBTOTAL"," ",A13) -> SUBTOTAL 2. PERSONAL MANEJO FORESTAL | J15: =SUBTOTAL(9,J14:J14) -> 0
A16: 3. HERRAMIENTA Y EQUIPO CUADRILLA
A17: 3.1 | B17: <ÍTEM> | D17: <Unidad> | E17: 0 | F17: 0 | G17: N/A | H17: 0 | I17: =F17*E17 -> 0 | J17: =ROUND(H17*I17,0) -> 0
A18: =CONCATENATE("SUBTOTAL"," ",A16) -> SUBTOTAL 3. HERRAMIENTA Y EQUIPO CUADRILLA | J18: =SUBTOTAL(9,J17:J17) -> 0
A19: 4. MANEJO DE RESIDUOS LÍQUIDOS (DOMÉSTICOS E INDUSTRIALES)
A20: 4.1 | B20: <ÍTEM> | D20: <Unidad> | E20: 0 | F20: 0 | G20: N/A | H20: N/A | I20: N/A | J20: =ROUND(E20*F20,0) -> 0
A21: =CONCATENATE("SUBTOTAL"," ",A19) -> SUBTOTAL 4. MANEJO DE RESIDUOS LÍQUIDOS (DOMÉSTICOS E INDUSTRIALES) | J21: =SUBTOTAL(9,J20:J20) -> 0
A22: 5. CONTROL DE RUIDO, EMISIÓN DE PARTÍCULAS, GASES A LA ATMÓSFERA y CONTAMINACIÓN VISUAL
A23: 5.1 | B23: <ÍTEM> | D23: <Unidad> | E23: 0 | F23: 0 | G23: N/A | H23: 0 | I23: =F23*E23 -> 0 | J23: =ROUND(H23*I23,0) -> 0
A24: =CONCATENATE("SUBTOTAL"," ",A22) -> SUBTOTAL 5. CONTROL DE RUIDO, EMISIÓN DE PARTÍCULAS, GASES A LA ATMÓSFERA y CONTAMINACIÓN VISUAL | J24: =SUBTOTAL(9,J23:J23) -> 0
A25: 6. REMOCIÓN, MANEJO DE RESIDUOS VEGETALES, DESMONTE Y DESCAPOTE
A26: 6.1 | B26: <ÍTEM> | D26: <Unidad> | E26: 0 | F26: 0 | G26: N/A | H26: N/A | I26: N/A | J26: =ROUND(E26*F26,0) -> 0
A27: =CONCATENATE("SUBTOTAL"," ",A25) -> SUBTOTAL 6. REMOCIÓN, MANEJO DE RESIDUOS VEGETALES, DESMONTE Y DESCAPOTE | J27: =SUBTOTAL(9,J26:J26) -> 0
A28: 7. TRATAMIENTO SILVICULTURAL
A29: 7.1 | B29: <ÍTEM> | D29: <Unidad> | E29: 0 | F29: N/A | G29: N/A | H29: N/A | I29: 0 | J29: =ROUND(E29*I29,0) -> 0
A30: =CONCATENATE("SUBTOTAL"," ",A28) -> SUBTOTAL 7. TRATAMIENTO SILVICULTURAL | J30: =SUBTOTAL(9,J29:J29) -> 0
A31: 8. MANEJO DE EXCAVACIONES
A32: 8.1 | B32: <ÍTEM> | D32: <Unidad> | E32: 0 | F32: 0 | G32: N/A | H32: N/A | I32: N/A | J32: =ROUND(E32*F32,0) -> 0
A33: =CONCATENATE("SUBTOTAL"," ",A31) -> SUBTOTAL 8. MANEJO DE EXCAVACIONES | J33: =SUBTOTAL(9,J32:J32) -> 0
A34: 9. MANEJO DE RESIDUOS SÓLIDOS, ESCOMBROS Y SOBRANTES DE OBRA
A35: 9.1 | B35: <ÍTEM> | D35: <Unidad> | E35: 0 | F35: 0 | G35: N/A | H35: 0 | I35: =F35*E35 -> 0 | J35: =ROUND(H35*I35,0) -> 0
A36: =CONCATENATE("SUBTOTAL"," ",A34) -> SUBTOTAL 9. MANEJO DE RESIDUOS SÓLIDOS, ESCOMBROS Y SOBRANTES DE OBRA | J36: =SUBTOTAL(9,J35:J35) -> 0
A38: COSTO TOTAL PMA | J38: =J12+J15+J18+J21+J24+J27+J30+J33+J36 -> 0

Sheet Anex. 3. PMT
C1: ANEXO No.3 FORMATO GP-F442 - PRESUPUESTO PROYECTO DE OBRA MENOR A 2000 SMMLV | J1: Código: GP-F442
J2: Versión: 1
J3: Fecha: 21/05/2025
A5: NOMBRE DEL PROYECTO: | C5: ='[348]Presupuesto General'!C5 -> 0 | I5: FECHA DE ELABORACIÓN: | J5: ='[348]Presupuesto General'!G5 -> 0
A7: PRESUPUESTO IMPLEMENTACIÓN PLAN DE MANEJO DE TRÁNSITO
A9: ÍTEM | B9: DESCRIPCIÓN DE ÍTEMS | D9: UNIDAD | E9: CANTIDAD | F9: VALOR UNITARIO | G9: % DEDICACIÓN | H9: MESES | I9: VALOR MES | J9: VALOR TOTAL
A10: 1. PERSONAL DEL EQUIPO PLAN MANEJO DE TRÁNSITO
A11: 1.1 | B11: <ÍTEM> | D11: <Unidad> | E11: 0 | F11: 0 | G11: 0 | H11: 0 | I11: =F11*E11 -> 0 | J11: =ROUND(G11*H11*I11,0) -> 0
A12: =CONCATENATE("SUBTOTAL"," ",A10) -> SUBTOTAL 1. PERSONAL DEL EQUIPO PLAN MANEJO DE TRÁNSITO | J12: =SUBTOTAL(9,J11:J11) -> 0
A13: 2. DESVIOS TRÁFICO VEHICULAR
A14: 2.1 | B14: <ÍTEM> | D14: <Unidad> | E14: 0 | F14: 0 | G14: N/A | H14: N/A | I14: N/A | J14: =ROUND(E14*F14,0) -> 0
A15: =CONCATENATE("SUBTOTAL"," ",A13) -> SUBTOTAL 2. DESVIOS TRÁFICO VEHICULAR | J15: =SUBTOTAL(9,J14:J14) -> 0
A17: COSTO TOTAL PMT | J17: =J12+J15 -> 0

Sheet Anex. 4. PGS
C1: ANEXO No.4 FORMATO GP-F442 - PRESUPUESTO PROYECTO DE OBRA MENOR A 2000 SMMLV | J1: Código: GP-F442
J2: Versión: 1
J3: Fecha: 21/05/2025
A5: NOMBRE DEL PROYECTO: | C5: ='[348]Presupuesto General'!C5 -> 0 | I5: FECHA DE ELABORACIÓN: | J5: ='[348]Presupuesto General'!G5 -> 0
A7: PRESUPUESTO IMPLEMENTACIÓN PLAN DE GESTIÓN SOCIAL
A9: ÍTEM | B9: DESCRIPCIÓN DE ÍTEMS | D9: UNIDAD | E9: CANTIDAD | F9: VALOR UNITARIO | G9: % DEDICACIÓN | H9: MESES | I9: VALOR MES | J9: VALOR TOTAL
A10: 1. PERSONAL DEL EQUIPO GESTIÓN SOCIAL
A11: 1.1 | B11: <ÍTEM> | D11: <Unidad> | E11: 0 | F11: 0 | G11: 0 | H11: 0 | I11: =F11*E11 -> 0 | J11: =ROUND(G11*H11*I11,0) -> 0
A12: =CONCATENATE("SUBTOTAL"," ",A10) -> SUBTOTAL 1. PERSONAL DEL EQUIPO GESTIÓN SOCIAL | J12: =SUBTOTAL(9,J11:J11) -> 0
A13: 2. EQUIPOS Y DOTACIÓN DE GESTIÓN SOCIAL
A14: 2.1 | B14: <ÍTEM> | D14: <Unidad> | E14: 0 | F14: 0 | G14: N/A | H14: N/A | I14: N/A | J14: =E14*F14 -> 0
A15: =CONCATENATE("SUBTOTAL"," ",A13) -> SUBTOTAL 2. EQUIPOS Y DOTACIÓN DE GESTIÓN SOCIAL | J15: =SUBTOTAL(9,J14:J14) -> 0
A16: 3. PROGRAMA DE INFORMACIÓN Y COMUNICACIÓN
A17: 3.1 | B17: <ÍTEM> | D17: <Unidad> | E17: 0 | F17: 0 | G17: N/A | H17: 0 | I17: =F17*E17 -> 0 | J17: =ROUND(H17*I17,0) -> 0
A18: =CONCATENATE("SUBTOTAL"," ",A16) -> SUBTOTAL 3. PROGRAMA DE INFORMACIÓN Y COMUNICACIÓN | J18: =SUBTOTAL(9,J17:J17) -> 0
A19: 4. PROGRAMA DE ORGANIZACIÓN Y PARTICIPACIÓN
A20: 4.1 | B20: <ÍTEM> | D20: <Unidad> | E20: 0 | F20: 0 | G20: N/A | H20: 0 | I20: =F20*E20 -> 0 | J20: =ROUND(H20*I20,0) -> 0
A21: =CONCATENATE("SUBTOTAL"," ",A19) -> SUBTOTAL 4. PROGRAMA DE ORGANIZACIÓN Y PARTICIPACIÓN | J21: =SUBTOTAL(9,J20:J20) -> 0
A22: 5. PROGRAMA DE EDUCACIÓN
A23: 5.1 | B23: <ÍTEM> | D23: <Unidad> | E23: 0 | F23: 0 | G23: N/A | H23: 0 | I23: =F23*E23 -> 0 | J23: =ROUND(H23*I23,0) -> 0
A24: =CONCATENATE("SUBTOTAL"," ",A22) -> SUBTOTAL 5. PROGRAMA DE EDUCACIÓN | J24: =SUBTOTAL(9,J23:J23) -> 0
A25: 6. PROGRAMA DE SOSTENIBILIDAD
A26: 6.1 | B26: <ÍTEM> | D26: <Unidad> | E26: 0 | F26: 0 | G26: N/A | H26: 0 | I26: =F26*E26 -> 0 | J26: =ROUND(H26*I26,0) -> 0
A27: =CONCATENATE("SUBTOTAL"," ",A25) -> SUBTOTAL 6. PROGRAMA DE SOSTENIBILIDAD | J27: =SUBTOTAL(9,J26:J26) -> 0
A29: COSTO TOTAL PGS | J29: =J12+J15+J18+J21+J24+J27 -> 0

Sheet Anex. 5. Interv. Obra Civil
C1: ANEXO No.5 FORMATO GP-F442 - PRESUPUESTO PROYECTO DE OBRA MENOR A 2000 SMLV | I1: Código: GP-F442
I2: Versión: 1
I3: Fecha: 21/05/2025
A5: NOMBRE DEL PROYECTO: | C5: ='Presupuesto General'!C5 -> 0 | G5: FECHA DE ELABORACIÓN: | I5: ='Presupuesto General'!G5 -> 0
A7: ANÁLISIS DETALLADO DE COSTOS INTERVENTORÍA DE OBRA
A9: LISTA DE PERSONAL, RECURSOS Y COSTOS
A12: PLAZO DE EJECUCIÓN: | C12: <Tiempo de ejecución en numero> | D12: MESES
A13: 1. COSTOS DE PERSONAL
A14: CARGO | C14: UNIDAD | D14: CANTIDAD | E14: DEDICACIÓN | F14: MESES | G14: TARIFA SALARIO MES | H14: FACTOR MULTIPLICADOR (FM) | I14: COSTO TOTAL
A15: <Nombre del cargo> | C15: <unidad> | D15: 0 | E15: 0 | F15: 0 | G15: 0 | H15: ='Anex. 6. FM'!I64 -> 2.1908333 | I15: =ROUND(D15*E15*F15*G15*H15,0) -> 0
H16: SUBTOTAL (1) | I16: =SUM(I15:I15) -> 0
A17: 2. COSTOS DIRECTOS
A18: DESCRIPCIÓN | C18: UNIDAD | D18: CANTIDAD | E18: DEDICACIÓN | F18: MESES | G18: TARIFA MES | I18: COSTO TOTAL
A19: <No asociado a personal> | C19: <unidad> | D19: 0 | E19: 0 | F19: 0 | G19: 0 | I19: =ROUND(D19*E19*F19*G19,0) -> 0
H21: SUBTOTAL (2) | I21: =SUM(I19:I20) -> 0
A23: SUBTOTAL (1 + 2) | I23: =+I16+I21 -> 0
A24: IVA 19% | I24: =ROUND(I23*0.19,0) -> 0
A25: TOTAL | I25: =ROUND(I23+I24,0) -> 0

Sheet Anex. 6. FM
C1: ANEXO No.6 FORMATO GP-F442 - PRESUPUESTO PROYECTO DE OBRA MENOR A 2000 SMLV | I1: Código: GP-F442
I2: Versión: 1
I3: Fecha: 21/05/2025
A5: NOMBRE DEL PROYECTO: | D5: ='Presupuesto General'!C5 -> 0 | G5: FECHA DE ELABORACIÓN: | I5: ='Presupuesto General'!G5 -> 0
A7: FACTOR MULTIPLICADOR ( FM ) EMPRESAS DE CONSULTORIA
B9: CONCEPTO | I9: PORCENTAJE
A10: 1. | B10: Salarios y Prestaciones Sociales de Personal Facturable
A12: 1.1. | B12: Salarios | I12: 1
A13: 1.2. | B13: Prima anual (legal) | E13: 1 | F13: ÷ 12 = | I13: =1/12 -> 0.083333333
A14: 1.3. | B14: Cesantía | E14: 1 | F14: ÷ 12 = | I14: =1/12 -> 0.083333333
A15: 1.4. | B15: Intereses de cesantía | E15: 0.01 | F15: x 1.3. = | I15: 0.01
A16: 1.5. | B16: Vacaciones | I16: =+I14/2 -> 0.041666667
A17: 1.6. | B17: Seguridad Social (salud + pensión) | I17: 0.205
A18: 1.7. | B18: Caja de Compensación Familiar | I18: 0.04
A19: 1.8. | B19: ARL | I19: 0.0696
A20: 1.9. | B20: Sena
A21: 1.10. | B21: ICBF
A22: 1.11. | B22: Otros (Auxilios varios, prestaciones extralegales, Incapacidades no cubertas) | I22: 0.01
A23: 1.12. | B23: Dotación | I23: 0.025
B24: Sub-total | I24: =SUM(I12:I23) -> 1.5679333
A26: 2. | B26: Gastos Directos
A28: 2.1. | B28: Arriendo oficina | I28: 0.02
A29: 2.2. | B29: Administración edificio | I29: 0.004
A30: 3.2. | B30: Servicios públicos | I30: 0.005
B31: Sub-total | I31: =SUM(I28:I30) -> 0.029
A33: 3. | B33: Gastos Generales
A34: 3.1. | B34: Preparación de Propuesta | I34: 0.015
A35: 3.2. | B35: Asesoria Contable Tributaria y Juridica | I35: 0.07
A36: 3.3. | B36: Equipos y mantenimiento Oficina (Aseo) | I36: 0.02
A37: 3.4. | B37: Gastos de vehículo | I37: 0.01
A38: 3.5. | B38: Seguros de robo e incendio | I38: 0.005
A39: 3.6. | B39: Documentación Técnica | I39: 0.04
A40: 3.7. | B40: Papelería y útiles de oficina | I40: 0.01
A41: 3.8. | B41: Personal Administrativo no facturado | I41: 0.01
A42: 3.9. | B42: Personal Profesional no facturado | I42: 0.01
A43: 3.10. | B43: Depreciación de muebles y equipos | I43: 0.005
A44: 3.11. | B44: Licenciamiento de software | I44: 0.05
A45: 3.12 | B45: Correo y otros | I45: 0.005
B46: Sub-total | I46: =SUM(I34:I45) -> 0.25
A48: 4. | B48: Costos Directos no Reembolsables
A50: 4.1 | B50: Poliza de Calidad | I50: 0.006
A51: 4.2 | B51: Póliza Cumplimiento | I51: 0.0077
A52: 4.3 | B52: Póliza Salarios y prestaciones Sociales | I52: 0.0262
A53: 4.4 | B53: Retefuente | I53: 0.1
A54: 4.5 | B54: ReteICA | I54: 0.01
A55: 4.6 | B55: Impuestos Municipales y otros | I55: 0.06
A56: 4.7 | B56: Gastos Bancarios | I56: 0.03
A57: 4.7 | B57: 4X1000 | I57: 0.004
B58: Sub-total | I58: =SUM(I50:I57) -> 0.2439
A61: 5. | B61: Honorarios (Utilidad del consultor y costos no previstos) | F61: Sub-total | I61: 0.1
A64: T O T A L | I64: =SUM(I61,I58,I46,I31,I24) -> 2.1908333

Sheet Anex. 7. Lista Cantidades
C1: ANEXO No.7 FORMATO GP-F442 - PRESUPUESTO PROYECTO DE OBRA MENOR A 2000 SMLV | E1: Código: GP-F442
E2: Versión: 1
E3: Fecha: 21/05/2025
A5: NOMBRE DEL PROYECTO: | C5: ='Presupuesto General'!C5 -> 0 | D5: FECHA DE ELABORACIÓN: | E5: ='Presupuesto General'!G5 -> 0
A7: CANTIDADES DE OBRA
A9: ÍTEM | B9: No APU | C9: DESCRIPCIÓN DE ÍTEMS | D9: UNIDAD | E9: CANTIDAD
A10: A. Redes / Pozos / Cámaras / Desarenador / Bocatoma
A11: 1 | C11: Nombre Subcapítulo 1
A12: 1.1 | B12: <PRE-1> | C12: <Ítem> | D12: <Unidad> | E12: ='Anex. 8. Memoria Cantidades'!W32 -> 0
A14: 2 | C14: Nombre Subcapítulo 2
A15: 2.1 | B15: <EXC-1> | C15: <Ítem> | D15: <Unidad> | E15: ='Anex. 8. Memoria Cantidades'!W57 -> 0
A17: B. Redes / Pozos / Cámaras / Desarenador / Bocatoma
A18: 3 | C18: Nombre Subcapítulo 3
A19: 3.1 | B19: <SPRE-1> | C19: <Ítem> | D19: <Unidad> | E19: ='Anex. 8. Memoria Cantidades'!W82 -> 0

Sheet Anex. 8. Memoria Cantidades
G1: ANEXO No.8 FORMATO GP-F442 - PRESUPUESTO PROYECTO DE OBRA MENOR A 2000 SMLV | W1: Código: GP-F442
W2: Versión: 1
W3: Fecha: 21/05/2025
A5: NOMBRE DEL PROYECTO: | F5: ='Presupuesto General'!C5 -> 0 | T5: FECHA DE ELABORACIÓN: | V5: ='Presupuesto General'!G5 -> 0
A7: MEMORIA DE CANTIDADES
A9: ÍTEM | D9: ='Anex. 7. Lista Cantidades'!C11 -> Nombre Subcapítulo 1 | J9: 1.1 | M9: =VLOOKUP(J9,'Anex. 7. Lista Cantidades'!A11:$C$19,3) -> <Ítem> | V9: UNIDAD | W9: =VLOOKUP(J9,'Anex. 7. Lista Cantidades'!A11:$E$19,4) -> <Unidad>
A10: <Plano o esquema> | Q10: DESCRIPCIÓN | S10: DIMENSIONES | V10: No. ELEMENTOS | W10: MEDIDA TOTAL
S11: LARGO | T11: ALTO | U11: ANCHO
Q12: <Descripción de actividad, suministro e instalavión, etc.> | W12: =V12*U12*T12*S12 -> 0
A31: OBSERVACIONES: | Q31: SUBTOTAL | W31: =SUM(W12:W30) -> 0
Q32: TOTAL | W32: =W31 -> 0
A34: ÍTEM | D34: ='Anex. 7. Lista Cantidades'!C14 -> Nombre Subcapítulo 2 | J34: 2.1 | M34: =VLOOKUP(J34,'Anex. 7. Lista Cantidades'!A$11:$C36,3) -> <Ítem> | V34: UNIDAD | W34: =VLOOKUP(J34,'Anex. 7. Lista Cantidades'!A$11:$E36,4) -> <Unidad>
A35: <Plano o esquema> | Q35: DESCRIPCIÓN | S35: DIMENSIONES | V35: No. ELEMENTOS | W35: MEDIDA TOTAL
S36: LARGO | T36: ALTO | U36: ANCHO
Q37: <Descripción de actividad, suministro e instalavión, etc.> | W37: =V37*U37*T37*S37 -> 0
A56: OBSERVACIONES: | Q56: SUBTOTAL | W56: =SUM(W37:W55) -> 0
Q57: TOTAL | W57: =W56 -> 0
A59: ÍTEM | D59: ='Anex. 7. Lista Cantidades'!C18 -> Nombre Subcapítulo 3 | J59: 3.1 | M59: =VLOOKUP(J59,'Anex. 7. Lista Cantidades'!A$11:$C61,3) -> <Ítem> | V59: UNIDAD | W59: =VLOOKUP(J59,'Anex. 7. Lista Cantidades'!A$11:$E61,4) -> <Unidad>
A60: <Plano o esquema> | Q60: DESCRIPCIÓN | S60: DIMENSIONES | V60: No. ELEMENTOS | W60: MEDIDA TOTAL
S61: LARGO | T61: ALTO | U61: ANCHO
Q62: <Descripción de actividad, suministro e instalavión, etc.> | W62: =V62*U62*T62*S62 -> 0
A81: OBSERVACIONES: | Q81: SUBTOTAL | W81: =SUM(W62:W80) -> 0
Q82: TOTAL | W82: =W81 -> 0
D85: FIRMA | R85: FIRMA
D86: <Nombre completo> | R86: <Nombre completo>
D87: <Cargo definido dentro de la consultoria> | R87: <Cargo definido dentro de la Interventoria>
D88: CONSULTOR | R88: INTERVENTOR

Sheet Anex. 9. Lista APU
C1: ANEXO No.9 FORMATO GP-F442 - PRESUPUESTO PROYECTO DE OBRA MENOR A 2000 SMLV | E1: Código: GP-F442 | F1: Código:
E2: Versión: 1 | F2: Versión:
E3: Fecha: 21/05/2025 | F3: Fecha:
A5: NOMBRE DEL PROYECTO: | C5: ='Presupuesto General'!C5 -> 0 | D5: FECHA DE ELABORACIÓN: | E5: ='Presupuesto General'!G5 -> 0
A7: LISTADO DE ANÁLISIS DE PRECIOS UNITARIOS - APU
A9: No. APU | B9: DESCRIPCIÓN | D9: UNIDAD | E9: VR. UNITARIO | F9: VALOR ANTERIOR | G9: INCREMENTO ($) | H9: INCREMENTO (%) | I9: INCREMENTO>10%
A10: ='Presupuesto General'!C13 -> Nombre Subcapítulo 1
A11: ='Presupuesto General'!B14 -> <PRE-1> | B11: ='Presupuesto General'!C14 -> <ÍTEM> | D11: <Unidad> | E11: ='Anex. 10. APU´s'!G42 -> 0 | F11: 967 | G11: =E11-F11 -> -967 | H11: =(G11*100)/F11 -> -100
A12: ='Presupuesto General'!C16 -> Nombre Subcapítulo 2 | G12: =E12-F12 -> 0 | H12: =(G12*100)/F12 -> #DIV/0!
A13: ='Presupuesto General'!B17 -> <EXC-1> | B13: ='Presupuesto General'!C17 -> <ÍTEM> | D13: <Unidad> | E13: ='Anex. 10. APU´s'!G78 -> 0 | F13: 15968 | G13: =E13-F13 -> -15968 | H13: =(G13*100)/F13 -> -100
A14: ='Presupuesto General'!C21 -> Nombre Subcapítulo 3 | G14: =E14-F14 -> 0 | H14: =(G14*100)/F14 -> #DIV/0!
A15: ='Presupuesto General'!B22 -> <PRE-1> | B15: ='Presupuesto General'!C22 -> <ÍTEM> | D15: <Unidad> | E15: ='Anex. 10. APU´s'!G114 -> 0 | F15: 1990989 | G15: =E15-F15 -> -1990989 | H15: =(G15*100)/F15 -> -100 | I15: =IF(H15>10,H15,0) -> 0

Sheet Anex. 10. APU´s
B1: ANEXO No.10 FORMATO GP-F442 - PRESUPUESTO PROYECTO DE OBRA MENOR A 2000 SMLV | G1: Código: GP-F442
G2: Versión: 1
G3: Fecha: 21/05/2025
A5: NOMBRE DEL PROYECTO: | B5: ='Presupuesto General'!C5 -> 0 | F5: FECHA DE ELABORACIÓN: | G5: ='Presupuesto General'!G5 -> 0
A7: Análisis de Precios Unitarios (APU)
A10: ÍTEM: | B10: ='Anex. 9. Lista APU'!A11 -> <PRE-1> | C10: ='Anex. 9. Lista APU'!B11 -> <ÍTEM> | F10: UNIDAD | G10: ='Anex. 9. Lista APU'!D11 -> <Unidad>
A12: I. EQUIPO
A13: Descripción | D13: Unidad | E13: Tarifa | F13: Rendimiento/hora | G13: Valor Unitario
A14: <Equipo requerido para la actividad> | D14: =VLOOKUP(A14,'Anex. 12. Equipos'!$B$10:$E$13,2) -> <Unidad> | E14: =VLOOKUP(A14,'Anex. 12. Equipos'!$B$10:$E$13,3) -> 0 | F14: 0 | G14: =E14*F14 -> 0
F17: Subtotal $ | G17: =(SUM(G14:G16)) -> 0
A19: II - MATERIALES
A20: Descripción | D20: Unidad | E20: Precio Unit. | F20: Cantidad | G20: Valor Unitario
A21: <Material requerido para la actividad> | D21: =VLOOKUP(A21,'Anex. 11. Materiales'!$B$10:$E$13,2) -> <Unidad> | E21: =VLOOKUP(A21,'Anex. 11. Materiales'!$B$10:$E$13,3) -> 0 | F21: 0 | G21: =E21*F21 -> 0
F26: Subtotal $ | G26: =ROUND(SUM(G21:G25),0) -> 0
A28: III - TRANSPORTES
A29: Material | C29: Volum/Peso | D29: Distancia | E29: m3/Km | F29: Rendimiento /Dia | G29: Valor Unitario
A30: <Transporte requerido para la actividad> | E30: =VLOOKUP(A30,'Anex. 13. Transporte'!$B$10:$E$13,3) -> 0 | F30: =C30*D30 -> 0 | G30: =E30*F30 -> 0
F32: Subtotal $ | G32: =ROUND(SUM(G31:G31),0) -> 0
A34: IV. MANO DE OBRA
A35: Personal | C35: Jornal/dia | D35: Prestaciones | E35: Total Jornal/Dia | F35: Rendimiento /Dia | G35: Valor Unitario
A36: MANO DE OBRA AA | C36: =VLOOKUP(A36,'Anex. 14. Mano de Obra'!$B$49:$C$78,2,) -> 0 | D36: =C36*0.53 -> 0 | E36: =C36+D36 -> 0 | F36: 0 | G36: =E36*F36 -> 0
F40: Subtotal $ | G40: =(SUM(G36:G39)) -> 0
E42: TOTAL COSTO DIRECTO | G42: =ROUND(+G17+G26+G32+G40,0) -> 0
A46: ÍTEM: | B46: ='Anex. 9. Lista APU'!A13 -> <EXC-1> | C46: ='Anex. 9. Lista APU'!B13 -> <ÍTEM> | F46: UNIDAD | G46: ='Anex. 9. Lista APU'!D13 -> <Unidad>
A48: I. EQUIPO
A49: Descripción | D49: Unidad | E49: Tarifa | F49: Rendimiento/hora | G49: Valor Unitario
A50: <Equipo requerido para la actividad> | D50: =VLOOKUP(A50,'Anex. 12. Equipos'!$B$10:$E$13,2) -> <Unidad> | E50: =VLOOKUP(A50,'Anex. 12. Equipos'!$B$10:$E$13,3) -> 0 | F50: 0 | G50: =E50*F50 -> 0
F53: Subtotal $ | G53: =(SUM(G50:G52)) -> 0
A55: II - MATERIALES
A56: Descripción | D56: Unidad | E56: Precio Unit. | F56: Cantidad | G56: Valor Unitario
A57: <Material requerido para la actividad> | D57: =VLOOKUP(A57,'Anex. 11. Materiales'!$B$10:$E$13,2) -> <Unidad> | E57: =VLOOKUP(A57,'Anex. 11. Materiales'!$B$10:$E$13,3) -> 0 | F57: 0 | G57: =E57*F57 -> 0
F62: Subtotal $ | G62: =ROUND(SUM(G57:G61),0) -> 0
A64: III - TRANSPORTES
A65: Material | C65: Volum/Peso | D65: Distancia | E65: m3/Km | F65: Rendimiento /Dia | G65: Valor Unitario
A66: <Transporte requerido para la actividad> | E66: =VLOOKUP(A66,'Anex. 13. Transporte'!$B$10:$E$13,3) -> 0 | F66: =C66*D66 -> 0 | G66: =E66*F66 -> 0
F68: Subtotal $ | G68: =ROUND(SUM(G67:G67),0) -> 0
A70: IV. MANO DE OBRA
A71: Personal | C71: Jornal/dia | D71: Prestaciones | E71: Total Jornal/Dia | F71: Rendimiento /Dia | G71: Valor Unitario
A72: MANO DE OBRA AA | C72: =VLOOKUP(A72,'Anex. 14. Mano de Obra'!$B$49:$C$78,2,) -> 0 | D72: =C72*0.53 -> 0 | E72: =C72+D72 -> 0 | F72: 0 | G72: =E72*F72 -> 0
F76: Subtotal $ | G76: =(SUM(G72:G75)) -> 0
E78: TOTAL COSTO DIRECTO | G78: =ROUND(+G53+G61+G67+G76,0) -> 0
A82: ÍTEM: | B82: ='Anex. 9. Lista APU'!A15 -> <PRE-1> | C82: ='Anex. 9. Lista APU'!B15 -> <ÍTEM> | F82: UNIDAD | G82: ='Anex. 9. Lista APU'!D15 -> <Unidad>
A84: I. EQUIPO
A85: Descripción | D85: Unidad | E85: Tarifa | F85: Rendimiento/hora | G85: Valor Unitario
A86: <Equipo requerido para la actividad> | D86: =VLOOKUP(A86,'Anex. 12. Equipos'!$B$10:$E$13,2) -> <Unidad> | E86: =VLOOKUP(A86,'Anex. 12. Equipos'!$B$10:$E$13,3) -> 0 | F86: 0 | G86: =E86*F86 -> 0
F89: Subtotal $ | G89: =(SUM(G86:G88)) -> 0
A91: II - MATERIALES
A92: Descripción | D92: Unidad | E92: Precio Unit. | F92: Cantidad | G92: Valor Unitario
A93: <Material requerido para la actividad> | D93: =VLOOKUP(A93,'Anex. 11. Materiales'!$B$10:$E$13,2) -> <Unidad> | E93: =VLOOKUP(A93,'Anex. 11. Materiales'!$B$10:$E$13,3) -> 0 | F93: 0 | G93: =E93*F93 -> 0
F98: Subtotal $ | G98: =ROUND(SUM(G93:G97),0) -> 0
A100: III - TRANSPORTES
A101: Material | C101: Volum/Peso | D101: Distancia | E101: m3/Km | F101: Rendimiento /Dia | G101: Valor Unitario
A102: <Transporte requerido para la actividad> | E102: =VLOOKUP(A102,'Anex. 13. Transporte'!$B$10:$E$13,3) -> 0 | F102: =C102*D102 -> 0 | G102: =E102*F102 -> 0
F104: Subtotal $ | G104: =ROUND(SUM(G103:G103),0) -> 0
A106: IV. MANO DE OBRA
A107: Personal | C107: Jornal/dia | D107: Prestaciones | E107: Total Jornal/Dia | F107: Rendimiento /Dia | G107: Valor Unitario
A108: MANO DE OBRA AA | C108: =VLOOKUP(A108,'Anex. 14. Mano de Obra'!$B$49:$C$78,2,) -> 0 | D108: =C108*0.53 -> 0 | E108: =C108+D108 -> 0 | F108: 0 | G108: =E108*F108 -> 0
F112: Subtotal $ | G112: =(SUM(G108:G111)) -> 0
E114: TOTAL COSTO DIRECTO | G114: =ROUND(+G89+G97+G103+G112,0) -> 0

Sheet Anex. 11. Materiales
B1: ANEXO No.11 FORMATO GP-F442 - PRESUPUESTO PROYECTO DE OBRA MENOR A 2000 SMLV | J1: Código: GP-F442
J2: Versión: 1
J3: Fecha: 21/05/2025
A5: NOMBRE DEL PROYECTO: | B5: ='Presupuesto General'!C5 -> 0 | H5: FECHA DE ELABORACIÓN: | J5: ='Presupuesto General'!G5 -> 0
A7: LISTADO DE MATERIALES
A9: N° | B9: NOMBRE | C9: UNIDAD | D9: PRECIO | E9: PROVEEDOR O FUENTE DE INFORMACIÓN 1 | G9: PROVEEDOR O FUENTE DE INFORMACIÓN 2 | I9: PROVEEDOR O FUENTE DE INFORMACIÓN 3
E10: Nombre | F10: Valor | G10: Nombre | H10: Valor | I10: Nombre | J10: Valor
B11: <Material requerido para la actividad> | C11: <Unidad> | D11: 0

Sheet Anex. 12. Equipos
B1: ANEXO No.12 FORMATO GP-F442 - PRESUPUESTO PROYECTO DE OBRA MENOR A 2000 SMLV | J1: Código: GP-F442
J2: Versión: 1
J3: Fecha: 21/05/2025
A5: NOMBRE DEL PROYECTO: | B5: ='Presupuesto General'!C5 -> 0 | H5: FECHA DE ELABORACIÓN: | J5: ='Presupuesto General'!G5 -> 0
A7: LISTA DE EQUIPOS
A9: N° | B9: NOMBRE | C9: UNIDAD | D9: PRECIO | E9: PROVEEDOR O FUENTE DE INFORMACIÓN 1 | G9: PROVEEDOR O FUENTE DE INFORMACIÓN 2 | I9: PROVEEDOR O FUENTE DE INFORMACIÓN 3
E10: Nombre | F10: Valor | G10: Nombre | H10: Valor | I10: Nombre | J10: Valor
B11: <Equipo requerido para la actividad> | C11: <Unidad> | D11: 0

Sheet Anex. 13. Transporte
B1: ANEXO No.13 FORMATO GP-F442 - PRESUPUESTO PROYECTO DE OBRA MENOR A 2000 SMLV | J1: Código: GP-F442
J2: Versión: 1
J3: Fecha: 21/05/2025
A5: NOMBRE DEL PROYECTO: | B5: ='Presupuesto General'!C5 -> 0 | H5: FECHA DE ELABORACIÓN: | J5: ='Presupuesto General'!G5 -> 0
A7: LISTA DE TRANSPORTE
A9: N° | B9: NOMBRE | C9: UNIDAD | D9: PRECIO | E9: PROVEEDOR O FUENTE DE INFORMACIÓN 1 | G9: PROVEEDOR O FUENTE DE INFORMACIÓN 2 | I9: PROVEEDOR O FUENTE DE INFORMACIÓN 3
E10: Nombre | F10: Valor | G10: Nombre | H10: Valor | I10: Nombre | J10: Valor
B11: <Transporte requerido para la actividad> | C11: <Unidad> | D11: 0

Sheet Anex. 14. Mano de Obra
B1: ANEXO No.14 FORMATO GP-F442 - PRESUPUESTO PROYECTO DE OBRA MENOR A 2000 SMLV | H1: Código: GP-F442
H2: Versión: 1
H3: Fecha: 21/05/2025
A5: NOMBRE DEL PROYECTO: | B5: ='Presupuesto General'!C5 -> 0 | G5: FECHA DE ELABORACIÓN: | H5: ='Presupuesto General'!G5 -> 0
A7: COSTO DE PERSONAL DE OBRA
B9: VALORES POR HORA AÑO <Año de creación>
B10: VR ($) MES SALARIO MÍNIMO (SIN AUX. TRANSPORTE) | C10: 0
B11: VR ($) DÍA SALARIO MÍNIMO (S.A.T) | C11: =C10/30 -> 0
B12: VR ($) HORA SALARIO MÍNIMO (S.A.T) | C12: =C11/8 -> 0
B13: FACTOR SALARIOS MÍNIMOS PARA AYUDANTE | C13: 1.42
B14: FACTOR SALARIOS MÍNIMOS PARA OFICIAL | C14: 2.44
B15: FACTOR PRESTACIONAL PARA AYUDANTE | C15: 1.85
B16: FACTOR PRESTACIONAL PARA OFICIAL | C16: 1.85
B18: VALOR ($) | C18: MANO DE OBRA
C19: MANO DE OBRA AA | D19: MANO DE OBRA BB | E19: MANO DE OBRA CC | F19: MANO DE OBRA DD | G19: MANO DE OBRA EE
C20: GENERALES | D20: Generales | E20: Vias | F20: Plomerias | G20: Cableado Estructurado - Programación
D21: (AA + 10 %) | E21: (AA + 15 %) | F21: (AA + 20 %) | G21: (AA + 30 %)
B22: HORA DIURNA AYUDANTE SIN PRESTACIONES | C22: =C12*C13 -> 0 | D22: =C22*1.1 -> 0 | E22: =C22*1.15 -> 0 | F22: =C22*1.2 -> 0 | G22: =C22*1.3 -> 0
B23: HORA DIURNA AYUDANTE CON PRESTACIONES | C23: =C22*$C$15 -> 0 | D23: =D22*$C$15 -> 0 | E23: =E22*$C$15 -> 0 | F23: =F22*$C$15 -> 0 | G23: =G22*$C$15 -> 0
B24: HORA DIURNA OFICIAL SIN PRESTACIONES | C24: =C12*C14 -> 0 | D24: =C24*1.1 -> 0 | E24: =C24*1.15 -> 0 | F24: =C24*1.2 -> 0 | G24: =C24*1.3 -> 0
B25: HORA DIURNA OFICIAL CON PRESTACIONES | C25: =C24*$C$16 -> 0 | D25: =D24*$C$16 -> 0 | E25: =E24*$C$16 -> 0 | F25: =F24*$C$16 -> 0 | G25: =G24*$C$16 -> 0
B26: HORA DIURNA CUADRILLA SIN PRESTACIONES | C26: =C22+C24 -> 0 | D26: =D22+D24 -> 0 | E26: =E22+E24 -> 0 | F26: =F22+F24 -> 0 | G26: =G22+G24 -> 0
B27: HORA DIURNA CUADRILLA CON PRESTACIONES | C27: =C23+C25 -> 0 | D27: =D23+D25 -> 0 | E27: =E23+E25 -> 0 | F27: =F23+F25 -> 0 | G27: =G23+G25 -> 0
B28: HORA NOCTURNA AYUDANTE SIN PRESTACIONES
B29: HORA NOCTURNA AYUDANTE CON PRESTACIONES
B30: HORA NOCTURNA OFICIAL SIN PRESTACIONES
B31: HORA NOCTURNA OFICIAL CON PRESTACIONES
B32: HORA NOCTURNA CUADRILLA SIN PRESTACIONES
B33: HORA NOCTURNA CUADRILLA CON PRESTACIONES
B34: JORNAL AYUDANTE SIN PRESTACIONES | C34: =C22*8 -> 0 | D34: =D22*8 -> 0 | E34: =E22*8 -> 0 | F34: =F22*8 -> 0 | G34: =G22*8 -> 0
B35: JORNAL AYUDANTE CON PRESTACIONES | C35: =C23*8 -> 0 | D35: =D23*8 -> 0 | E35: =E23*8 -> 0 | F35: =F23*8 -> 0 | G35: =G23*8 -> 0
B36: JORNAL OFICIAL SIN PRESTACIONES | C36: =C24*8 -> 0 | D36: =D24*8 -> 0 | E36: =E24*8 -> 0 | F36: =F24*8 -> 0 | G36: =G24*8 -> 0
B37: JORNAL OFICIAL CON PRESTACIONES | C37: =C25*8 -> 0 | D37: =D25*8 -> 0 | E37: =E25*8 -> 0 | F37: =F25*8 -> 0 | G37: =G25*8 -> 0
B38: JORNAL CUADRILLA SIN PRESTACIONES | C38: =C34+C36 -> 0 | D38: =D34+D36 -> 0 | E38: =E34+E36 -> 0 | F38: =F34+F36 -> 0 | G38: =G34+G36 -> 0
B39: JORNAL CUADRILLA CON PRESTACIONES | C39: =C35+C37 -> 0 | D39: =D35+D37 -> 0 | E39: =E35+E37 -> 0 | F39: =F35+F37 -> 0 | G39: =G35+G37 -> 0
B40: JORNAL NOCTURNO AYUDANTE SIN PRESTACIONES
B41: JORNAL NOCTURNO AYUDANTE CON PRESTACIONES
B42: JORNAL OFICIAL SIN PRESTACIONES
B43: JORNAL NOCTURNO OFICIAL CON PRESTACIONES
B44: JORNAL NOCTURNO CUADRILLA SIN PRESTACIONES
B45: JORNAL NOCTURNO CUADRILLA CON PRESTACIONES
B48: MANO DE OBRA DIURNA | C48: VALOR JORNAL SIN PRESTACIONES | E48: MANO DE OBRA NOCTURNA | G48: VALOR JORNAL SIN PRESTACIONES
B49: MANO DE OBRA AA | C49: =ROUND(C38,0) -> 0 | E49: MANO DE OBRA AA | G49: =ROUND(C44,0) -> 0
B50: OFICIAL (1) AA | C50: =ROUND(C36,0) -> 0 | E50: OFICIAL (1) AA | G50: =ROUND(C42,0) -> 0
B51: OFICIAL (2) AA | C51: =C36*2 -> 0 | E51: OFICIAL (2) AA | G51: =F42*2 -> 0
B52: OFICIAL (3) AA | C52: =ROUND(C36*3,0) -> 0 | E52: OFICIAL (3) AA | G52: =ROUND(F42*3,0) -> 0
B53: OFICIAL (7) AA | C53: =ROUND(+C36*7,0) -> 0 | E53: OFICIAL (7) AA | G53: =ROUND(+F42*7,0) -> 0
B54: AYUDANTE (1) AA | C54: =ROUND(C34,0) -> 0 | E54: AYUDANTE (1) AA | G54: =ROUND(C40,0) -> 0
B55: AYUDANTE (2) AA | C55: =ROUND(C34*2,0) -> 0 | E55: AYUDANTE (2) AA | G55: =ROUND(F40*2,0) -> 0
B56: AYUDANTE (3) AA | C56: =ROUND(C34*3,0) -> 0 | E56: AYUDANTE (3) AA | G56: =ROUND(F40*3,0) -> 0
B57: AYUDANTE (4) AA | C57: =ROUND(C34*4,0) -> 0 | E57: AYUDANTE (4) AA | G57: =ROUND(F40*4,0) -> 0
B58: AYUDANTE (5) AA | C58: =ROUND(C34*5,0) -> 0 | E58: AYUDANTE (5) AA | G58: =ROUND(F40*5,0) -> 0
B59: AYUDANTE (6) AA | C59: =ROUND(C34*6,0) -> 0 | E59: AYUDANTE (6) AA | G59: =ROUND(F40*6,0) -> 0
B60: AYUDANTE (7) AA | C60: =ROUND(C34*7,0) -> 0 | E60: AYUDANTE (7) AA | G60: =ROUND(F40*7,0) -> 0
B61: AYUDANTE (8) AA | C61: =ROUND(C34*8,0) -> 0 | E61: AYUDANTE (8) AA | G61: =ROUND(F40*8,0) -> 0
B62: AYUDANTE (9) AA | C62: =ROUND(C34*9,0) -> 0 | E62: AYUDANTE (9) AA | G62: =ROUND(F40*9,0) -> 0
B63: MANO DE OBRA BB | C63: =ROUND(D38,0) -> 0 | E63: MANO DE OBRA BB | G63: =ROUND(D44,0) -> 0
B64: OFICIAL (1) BB | C64: =ROUND(D36,0) -> 0 | E64: OFICIAL (1) BB | G64: =ROUND(D42,0) -> 0
B65: AYUDANTE (1) BB | C65: =ROUND(D34,0) -> 0 | E65: AYUDANTE (1) BB | G65: =ROUND(D40,0) -> 0
B66: AYUDANTE (2) BB | C66: =ROUND(+D34*2,0) -> 0 | E66: AYUDANTE (2) BB | G66: =ROUND(+D40*2,0) -> 0
B67: MANO DE OBRA CC | C67: =ROUND(E38,0) -> 0 | E67: MANO DE OBRA CC | G67: =ROUND(E44,0) -> 0
B68: OFICIAL (1) CC | C68: =ROUND(+E36,0) -> 0 | E68: OFICIAL (1) CC | G68: =ROUND(+E42,0) -> 0
B69: AYUDANTE (1) CC | C69: =ROUND(+E34,0) -> 0 | E69: AYUDANTE (1) CC | G69: =ROUND(+E40,0) -> 0
B70: AYUDANTE (2) CC | C70: =ROUND(+E34*2,0) -> 0 | E70: AYUDANTE (2) CC | G70: =ROUND(+E40*2,0) -> 0
B71: MANO DE OBRA DD | C71: =ROUND(F38,0) -> 0 | E71: MANO DE OBRA DD | G71: =ROUND(F44,0) -> 0
B72: OFICIAL (1) DD | C72: =ROUND(F36,0) -> 0 | E72: OFICIAL (1) DD | G72: =ROUND(F42,0) -> 0
B73: AYUDANTE (1) DD | C73: =ROUND(F34,0) -> 0 | E73: AYUDANTE (1) DD | G73: =ROUND(F40,0) -> 0
B74: MANO DE OBRA EE | C74: =ROUND(G38,0) -> 0 | E74: MANO DE OBRA EE | G74: =ROUND(G44,0) -> 0
B75: OFICIAL (1) EE | C75: =ROUND(G36,0) -> 0 | E75: OFICIAL (1) EE | G75: =ROUND(G42,0) -> 0
B76: AYUDANTE (1) EE | C76: =ROUND(G34,0) -> 0 | E76: AYUDANTE (1) EE | G76: =ROUND(G40,0) -> 0
B77: TOPOGRAFO | C77: =+C50*2 -> 0 | E77: TOPOGRAFO | G77: =+G50*2 -> 0
B78: CADENERO | C78: =C50 -> 0 | E78: CADENERO | G78: =+G49*15 -> 0

Sheet EXC-10
C2: ESTUDIOS Y DISEÑOS DE LA AMPLIACIÓN DEL SUBSISTEMA DE TRANSPORTE DE LA SABANA DE OCCIDENTE Y TEQUENDAMA QUE TRANSPORTA AGUA SUMINISTRADA POR LA EMPRESA DE ACUEDUCTO, ALCANTARILLADO Y ASEO DE BOGOTÁ EAB.
C4: CONTRATO No CONSULTORÍA. 1-2-25400-00716-2017
C6: ANALISIS DE PRECIOS UNITARIOS
B9: ÍTEM: | C9: =+#REF! -> #REF! | D9: =+#REF! -> #REF! | G9: UNIDAD | H9: =+#REF! -> #REF!
B11: I. EQUIPO
B12: Descripción | D12: Marca | E12: Tipo | F12: Tarifa | G12: Rendimiento/hora | H12: Valor Unitario
B13: Retroexcavadora 200 (sin operario ni combustible) | F13: =VLOOKUP(B13,#REF!,3,) -> #REF! | G13: =60/2.4 -> 25 | H13: =F13/G13 -> #REF!
B14: Equipo soldadura eléctrico - trifásico | F14: =VLOOKUP(B14,#REF!,3,) -> #REF! | G14: =60/3 -> 20 | H14: =F14/G14 -> #REF!
G16: Subtotal $ | H16: =(SUM(H13:H15)) -> #REF!
B18: II - MATERIALES
B19: Descripción | E19: Unidad | F19: Precio Unit. | G19: Cantidad | H19: Valor Unitario
B20: Lámina metálica e=1/2" 13mm | E20: M2 | F20: =VLOOKUP(B20,#REF!,3,) -> #REF! | G20: =1.05/10 -> 0.105 | H20: =F20*G20 -> #REF!
B21: Perfil 135 x 135 x 5 | E21: M | F21: =VLOOKUP(B21,#REF!,3,) -> #REF! | G21: =25/(12*5*2)/10 -> 0.020833333 | H21: =F21*G21 -> #REF!
B22: Perfil 250 x 150 x 5 | E22: M | F22: =VLOOKUP(B22,#REF!,3,) -> #REF! | G22: =182/(12*5*2)/10 -> 0.15166667 | H22: =F22*G22 -> #REF!
B23: Perfil 250 x 250 x 9 | E23: M | F23: =VLOOKUP(B23,#REF!,3,) -> #REF! | G23: =48/(12*5*2)/10 -> 0.04 | H23: =F23*G23 -> #REF!
B24: Soldadura - electrodo xl 610 1/8 | E24: KG | F24: =VLOOKUP(B24,#REF!,3,) -> #REF! | G24: =1377/(12*5*2)/10 -> 1.1475 | H24: =F24*G24 -> #REF!
G26: Subtotal $ | H26: =ROUND(SUM(H20:H25),0) -> #REF!
B28: III - TRANSPORTES
B29: Material | D29: Volum/Peso | E29: Distancia | F29: m3/Km | G29: Rend./Dia | H29: Valor Unitario
G32: Subtotal $ | H32: =ROUND(SUM(H31:H31),0) -> 0
B33: IV. MANO DE OBRA
B35: Personal | D35: Jornal/dia | E35: Prestaciones | F35: Total Jornal/Dia | G35: Rend./Dia | H35: Valor Unitario
B36: Oficial AA | D36: =VLOOKUP(B36,#REF!,3,) -> #REF! | E36: =D36*0.53 -> #REF! | F36: =D36+E36 -> #REF! | G36: =(60/60)*8 -> 8 | H36: =F36/G36 -> #REF!
B37: Ayudante AA | D37: =VLOOKUP(B37,#REF!,3,) -> #REF! | E37: =D37*0.53 -> #REF! | F37: =D37+E37 -> #REF! | G37: =(60/120)*8 -> 4 | H37: =F37/G37 -> #REF!
B38: Soldador | D38: =VLOOKUP(B38,#REF!,3,) -> #REF! | E38: =D38*0.53 -> #REF! | F38: =D38+E38 -> #REF! | G38: =(60/3)*8 -> 160 | H38: =F38/G38 -> #REF!
G40: Subtotal $ | H40: =(SUM(H36:H39)) -> #REF!
F42: TOTAL COSTO DIRECTO | H42: =ROUND(+H16+H26+H32+H40,0) -> #REF!

Sheet INSUMOS (2)
B1: ESTUDIOS Y DISEÑOS DE LA AMPLIACIÓN DEL SUBSISTEMA DE TRANSPORTE DE LA SABANA DE OCCIDENTE Y TEQUENDAMA QUE TRANSPORTA AGUA SUMINISTRADA POR LA EMPRESA DE ACUEDUCTO, ALCANTARILLADO Y ASEO DE BOGOTÁ EAB.
B4: CONTRATO CONSULTORÍA No 1-2-25400-00716-2017
A5: LISTA DE INSUMOS 2020 | G5: GIANK | H5: ANDRÉS | I5: DANIELA
A6: CÓDIGO O REFERENCIA | B6: NOMBRE | C6: UNIDAD | D6: PRECIO | E6: PROVEEDOR O FUENTE DE INFORMACIÓN | F6: 388 | G6: 165 | H6: 118 | I6: 105
A7: CON-INS-05 | B7: Acero de refuerzo fy=420MPa | C7: KG | D7: =2170*1.19 -> 2582.3 | E7: Acero GYJ | F7: ANDRÉS
A8: CON-INS-06 | B8: Alambre negro No. 18 | C8: KG | D8: =3350*1.19 -> 3986.5 | E8: Acero GYJ | F8: ANDRÉS
A9: CON-INS-07 | B9: Malla electrosoldada | C9: KG | D9: =2620*1.19 -> 3117.8 | E9: Acero GYJ | F9: ANDRÉS
A10: EQP-INS-07 | B10: Vibrador eléctrico | C10: h | D10: =30000*1.19/8 -> 4462.5 | E10: Alfaequipos | F10: ANDRÉS
A11: MAD-INS-01 | B11: Alquiler de formaleta en madera | C11: M2 | D11: =4290*1.19 -> 5105.1 | E11: Alforequipos | F11: ANDRÉS
A12: TUB-INS-17 | B12: Suministro de Codo 90° BXB HD D 6" | C12: UN | D12: =430000*1.19 -> 511700 | E12: Apolo | F12: GIANCARLO
A13: TUB-INS-18 | B13: Suministro de Codo 90° BXB HD D 8" | C13: UN | D13: =750000*1.19 -> 892500 | E13: Apolo | F13: GIANCARLO
A14: TUB-INS-19 | B14: Suministro de unión brida x universal HD D 6" | C14: UN | D14: =185000*1.19 -> 220150 | E14: Apolo | F14: GIANCARLO
A15: TUB-INS-20 | B15: Suministro de unión de desmontaje autoportante HD D 36" | C15: UN | D15: =36666000*1.19*1.07 -> 46686818 | E15: Apolo | F15: GIANCARLO
A16: TUB-INS-21 | B16: Suministro de unión de desmontaje autoportante HD D 42" | C16: UN | D16: =46400000*1.19 -> 55216000 | E16: Apolo | F16: GIANCARLO
A17: TUB-INS-22 | B17: Suministro de unión dresser HD D 6" | C17: UN | D17: =175000*1.19 -> 208250 | E17: Apolo | F17: GIANCARLO
A18: TUB-INS-23 | B18: Suministro de unión dresser HD D 8" | C18: UN | D18: =230000*1.19 -> 273700 | E18: Apolo | F18: GIANCARLO
A19: TUB-INS-24 | B19: Suministro de brida ciega HD D24" | C19: UN | D19: =2300000*1.19 -> 2737000 | E19: Apolo | F19: GIANCARLO
A20: TUB-INS-25 | B20: Suministro de válvula de compuerta sello bronce HD D 6" | C20: UN | D20: =1150000*1.19 -> 1368500 | E20: Apolo | F20: GIANCARLO
A21: TUB-INS-26 | B21: Suministro de válvula de compuerta sello bronce HD D 8" | C21: UN | D21: =1700000*1.19 -> 2023000 | E21: Apolo | F21: GIANCARLO
A22: TUB-INS-27 | B22: Suministro de válvula de ventosa triple acción HD D 6" | C22: UN | D22: =3260000*1.19 -> 3879400 | E22: Apolo | F22: GIANCARLO
A23: TUB-INS-35 | B23: Suministro kit de empaques y tornillos D 6" | C23: UN | D23: =110000*1.19 -> 130900 | E23: Apolo | F23: GIANCARLO
A24: TUB-INS-36 | B24: Suministro kit de empaques y tornillos D 8" | C24: UN | D24: =136000*1.19 -> 161840 | E24: Apolo | F24: GIANCARLO
A25: TUB-INS-37 | B25: Suministro kit de empaques y tornillos D 24" | C25: UN | D25: =1382000*1.19 -> 1644580 | E25: Apolo | F25: GIANCARLO
A26: TUB-INS-38 | B26: Suministro kit de empaques y tornillos D 36" | C26: UN | D26: =1000000*1.19 -> 1190000 | E26: Apolo | F26: GIANCARLO
A27: TUB-INS-48 | B27: Tapones accesorios | C27: UN | D27: =220000*1.19 -> 261800 | E27: Apolo | F27: GIANCARLO
A28: TUB-INS-70 | B28: Suministro de codo HD para acueducto D20" 90,00° extremos lisos | C28: UN | D28: =4340000*1.19 -> 5164600 | E28: Apolo | F28: GIANCARLO
A29: TUB-INS-78 | B29: Suministro de codo HD para acueducto D12" 90,00° extremos lisos | C29: UN | D29: =1240000*1.19 -> 1475600 | E29: Apolo | F29: GIANCARLO
A30: TUB-INS-86 | B30: Suministro de válvula de compuerta sello bronce HD D 3" | C30: UN | D30: =520000*1.19 -> 618800 | E30: Apolo | F30: GIANCARLO
A31: TUB-INS-87 | B31: Suministro de válvula de compuerta sello bronce HD D 4" | C31: UN | D31: =680000*1.19 -> 809200 | E31: Apolo | F31: GIANCARLO
A32: TUB-INS-88 | B32: Suministro de válvula de ventosa triple acción HD D 3" | C32: UN | D32: =790000*1.19 -> 940100 | E32: Apolo | F32: GIANCARLO
A33: TUB-INS-89 | B33: Suministro de válvula de ventosa triple acción HD D 4" | C33: UN | D33: =1250000*1.19 -> 1487500 | E33: Apolo | F33: GIANCARLO
A34: TUB-INS-104 | B34: Suministro de codo 45° BXB HD D 4" | C34: UN | D34: =260000*1.19 -> 309400 | E34: Apolo | F34: GIANCARLO
A35: TUB-INS-105 | B35: Suministro de codo 90° BXB HD D 4" | C35: UN | D35: =260000*1.19 -> 309400 | E35: Apolo | F35: GIANCARLO
A36: TUB-INS-106 | B36: Suministro de codo 90° BXB HD D 10" | C36: UN | D36: =1400000*1.19 -> 1666000 | E36: Apolo | F36: GIANCARLO
A37: TUB-INS-107 | B37: Suministro de codo 90° BXB HD D 12" | C37: UN | D37: =1800000*1.19 -> 2142000 | E37: Apolo | F37: GIANCARLO
A38: TUB-INS-108 | B38: Suministro de codo 90° BXB HD D 14" | C38: UN | D38: =2600000*1.19 -> 3094000 | E38: Apolo | F38: GIANCARLO
A39: TUB-INS-109 | B39: Suministro de codo 90° BXB HD D 16" | C39: UN | D39: =3400000*1.19 -> 4046000 | E39: Apolo | F39: GIANCARLO
A40: TUB-INS-110 | B40: Suministro de unión de desmontaje autoportante HD D 10" | C40: UN | D40: =1399000*1.19 -> 1664810 | E40: Apolo | F40: GIANCARLO
A41: TUB-INS-111 | B41: Suministro de unión de desmontaje autoportante HD D 12" | C41: UN | D41: =1919000*1.19 -> 2283610 | E41: Apolo | F41: GIANCARLO
A42: TUB-INS-117 | B42: Suministro de unión brida x universal HD D 4" | C42: UN | D42: =100000*1.19 -> 119000 | E42: Apolo | F42: GIANCARLO
A43: TUB-INS-118 | B43: Suministro de brida ciega HD D12" | C43: UN | D43: =670000*1.19 -> 797300 | E43: Apolo | F43: GIANCARLO
A44: TUB-INS-119 | B44: Suministro de brida ciega HD D16" | C44: UN | D44: =1200000*1.19 -> 1428000 | E44: Apolo | F44: GIANCARLO
A45: TUB-INS-120 | B45: Suministro de brida ciega HD D20" | C45: UN | D45: =1700000*1.19 -> 2023000 | E45: Apolo | F45: GIANCARLO
A46: TUB-INS-121 | B46: Suministro de brida ciega HD D30" | C46: UN | D46: =10000000*1.19 -> 11900000 | E46: Apolo | F46: GIANCARLO
A47: TUB-INS-122 | B47: Brida ciega D36" (empaques y tornillos) | C47: UN | D47: =19000000*1.19 -> 22610000 | E47: Apolo | F47: GIANCARLO
A48: TUB-INS-123 | B48: Suministro de tee HD 10" BXBXB | C48: UN | D48: =1950000*1.19 -> 2320500 | E48: Apolo | F48: GIANCARLO
A49: TUB-INS-124 | B49: Suministro de tee HD 12" BXBXB | C49: UN | D49: =2550000*1.19 -> 3034500 | E49: Apolo | F49: GIANCARLO
A50: TUB-INS-125 | B50: Suministro de tee HD 14" BXBXB | C50: UN | D50: =3450000*1.19 -> 4105500 | E50: Apolo | F50: GIANCARLO
A51: TUB-INS-126 | B51: Suministro de tee HD 16" BXBXB | C51: UN | D51: =4350000*1.19 -> 5176500 | E51: Apolo | F51: GIANCARLO
A52: TUB-INS-127 | B52: Suministro de tee HD 20" LXLXL | C52: UN | D52: =8100000*1.1 -> 8910000 | E52: Apolo | F52: GIANCARLO
A53: TUB-INS-128 | B53: Suministro de tee HD 20" BXBXB | C53: UN | D53: =8800000*1.19 -> 10472000 | E53: Apolo | F53: GIANCARLO
A54: TUB-INS-129 | B54: Suministro de tee reducida HD 12"x3" BXBXB | C54: UN | D54: =2150000*1.19 -> 2558500 | E54: Apolo | F54: GIANCARLO
A55: TUB-INS-130 | B55: Suministro de tee reducida HD 12"x4" LXLXB | C55: UN | D55: =2200000*1.19 -> 2618000 | E55: Apolo | F55: GIANCARLO
A56: TUB-INS-133 | B56: Suministro de tee reducida HD 16"x4" LXLXB | C56: UN | D56: =3800000*1.19 -> 4522000 | E56: Apolo | F56: GIANCARLO
A57: TUB-INS-135 | B57: Suministro de tee reducida HD 20"x4" LXLXB | C57: UN | D57: =6200000*1.19 -> 7378000 | E57: Apolo | F57: GIANCARLO
A58: TUB-INS-144 | B58: Suministro kit de empaques y tornillos D 3" | C58: UN | D58: =48000*1.19 -> 57120 | E58: Apolo | F58: GIANCARLO
A59: TUB-INS-145 | B59: Suministro kit de empaques y tornillos D 4" | C59: UN | D59: =76000*1.19 -> 90440 | E59: Apolo | F59: GIANCARLO
A60: TUB-INS-146 | B60: Suministro kit de empaques y tornillos D 10" | C60: UN | D60: =218000*1.19 -> 259420 | E60: Apolo | F60: GIANCARLO
A61: TUB-INS-147 | B61: Suministro kit de empaques y tornillos D 12" | C61: UN | D61: =250000*1.19 -> 297500 | E61: Apolo | F61: GIANCARLO
A62: TUB-INS-148 | B62: Suministro kit de empaques y tornillos D 14" | C62: UN | D62: =414000*1.19 -> 492660 | E62: Apolo | F62: GIANCARLO
A63: TUB-INS-149 | B63: Suministro kit de empaques y tornillos D 16" | C63: UN | D63: =546000*1.19 -> 649740 | E63: Apolo | F63: GIANCARLO
A64: TUB-INS-150 | B64: Suministro kit de empaques y tornillos D 20" | C64: UN | D64: =944000*1.19 -> 1123360 | E64: Apolo | F64: GIANCARLO
A65: TUB-INS-151 | B65: Suministro kit de empaques y tornillos D 30" | C65: UN | D65: =1920000*1.19 -> 2284800 | E65: Apolo | F65: GIANCARLO
A66: TUB-INS-152 | B66: Niple Fundido H.D. 3" x 0.50m | C66: UN | D66: =210000*1.19 -> 249900 | E66: Apolo | F66: GIANCARLO
A67: TUB-INS-153 | B67: Niple Fundido H.D. 4" x 0.50m | C67: UN | D67: =280000*1.19 -> 333200 | E67: Apolo | F67: GIANCARLO
A68: TUB-INS-154 | B68: Niple Fundido H.D. 4" x 1.00m | C68: UN | D68: =560000*1.19 -> 666400 | E68: Apolo | F68: GIANCARLO
A69: TUB-INS-155 | B69: Niple Tuberia H.D. 4" x 1.50m | C69: UN | D69: =374000*1.19 -> 445060 | E69: Apolo | F69: GIANCARLO
A70: TUB-INS-156 | B70: Niple Tuberia H.D. 4" x 2.00m | C70: UN | D70: =496000*1.19 -> 590240 | E70: Apolo | F70: GIANCARLO
A71: TUB-INS-157 | B71: Niple Tuberia H.D. 4" x 2.50m | C71: UN | D71: =620000*1.19 -> 737800 | E71: Apolo | F71: GIANCARLO
A72: TUB-INS-158 | B72: Niple Tuberia H.D. 4" x 3.00m | C72: UN | D72: =745000*1.19 -> 886550 | E72: Apolo | F72: GIANCARLO
A73: TUB-INS-159 | B73: Niple Tuberia H.D. 4" x 3.50m | C73: UN | D73: =867000*1.19 -> 1031730 | E73: Apolo | F73: GIANCARLO
A74: TUB-INS-160 | B74: Niple Tuberia H.D. 4" x 4.00m | C74: UN | D74: =992000*1.19 -> 1180480 | E74: Apolo | F74: GIANCARLO
A75: TUB-INS-161 | B75: Niple Tuberia H.D. 4" x 4.50m | C75: UN | D75: =1116000*1.19 -> 1328040 | E75: Apolo | F75: GIANCARLO
A76: TUB-INS-162 | B76: Niple Tuberia H.D. 4" x 5.00m | C76: UN | D76: =1240000*1.19 -> 1475600 | E76: Apolo | F76: GIANCARLO
A77: TUB-INS-163 | B77: Niple Fundido H.D. 6" x 0.50m | C77: UN | D77: =514000*1.19 -> 611660 | E77: Apolo | F77: GIANCARLO
A78: TUB-INS-164 | B78: Niple Fundido H.D. 6" x 1.00m | C78: UN | D78: =1027000*1.19 -> 1222130 | E78: Apolo | F78: GIANCARLO
A79: TUB-INS-165 | B79: Niple Tuberia H.D. 6" x 1.50m | C79: UN | D79: =434000*1.19 -> 516460 | E79: Apolo | F79: GIANCARLO
A80: TUB-INS-166 | B80: Niple Tuberia H.D. 6" x 2.00m | C80: UN | D80: =578000*1.19 -> 687820 | E80: Apolo | F80: GIANCARLO
A81: TUB-INS-167 | B81: Niple Tuberia H.D. 6" x 2.50m | C81: UN | D81: =723000*1.19 -> 860370 | E81: Apolo | F81: GIANCARLO
A82: TUB-INS-168 | B82: Niple Tuberia H.D. 6" x 3.00m | C82: UN | D82: =867000*1.19 -> 1031730 | E82: Apolo | F82: GIANCARLO
A83: TUB-INS-169 | B83: Niple Tuberia H.D. 6" x 3.50m | C83: UN | D83: =1012000*1.19 -> 1204280 | E83: Apolo | F83: GIANCARLO
A84: TUB-INS-170 | B84: Niple Tuberia H.D. 6" x 4.00m | C84: UN | D84: =1156000*1.19 -> 1375640 | E84: Apolo | F84: GIANCARLO
A85: TUB-INS-171 | B85: Niple Tuberia H.D. 6" x 4.50m | C85: UN | D85: =1300000*1.19 -> 1547000 | E85: Apolo | F85: GIANCARLO
A86: TUB-INS-172 | B86: Niple Tuberia H.D. 6" x 5.00m | C86: UN | D86: =1445000*1.19 -> 1719550 | E86: Apolo | F86: GIANCARLO
A87: TUB-INS-173 | B87: Niple Tuberia H.D. 6" x 5.50m | C87: UN | D87: =1589000*1.19 -> 1890910 | E87: Apolo | F87: GIANCARLO
A88: TUB-INS-174 | B88: Niple Fundido H.D. 10" x 0.50m | C88: UN | D88: =887000*1.19 -> 1055530 | E88: Apolo | F88: GIANCARLO
A89: TUB-INS-175 | B89: Niple Fundido H.D. 10" x 1.00m | C89: UN | D89: =1774000*1.19 -> 2111060 | E89: Apolo | F89: GIANCARLO
A90: TUB-INS-176 | B90: Niple Tuberia H.D. 10" x 1.50m | C90: UN | D90: =712000*1.19 -> 847280 | E90: Apolo | F90: GIANCARLO
A91: TUB-INS-177 | B91: Niple Tuberia H.D. 10" x 2.00m | C91: UN | D91: =947000*1.19 -> 1126930 | E91: Apolo | F91: GIANCARLO
A92: TUB-INS-178 | B92: Niple Tuberia H.D. 10" x 2.50m | C92: UN | D92: =1185000*1.19 -> 1410150 | E92: Apolo | F92: GIANCARLO
A93: TUB-INS-179 | B93: Niple Tuberia H.D. 10" x 3.00m | C93: UN | D93: =1420000*1.19 -> 1689800 | E93: Apolo | F93: GIANCARLO
A94: TUB-INS-180 | B94: Niple Tuberia H.D. 10" x 3.50m | C94: UN | D94: =1656000*1.19 -> 1970640 | E94: Apolo | F94: GIANCARLO
A95: TUB-INS-181 | B95: Niple Tuberia H.D. 10" x 4.00m | C95: UN | D95: =1894000*1.19 -> 2253860 | E95: Apolo | F95: GIANCARLO
A96: TUB-INS-182 | B96: Niple Tuberia H.D. 10" x 4.50m | C96: UN | D96: =1463000*1.19 -> 1740970 | E96: Apolo | F96: GIANCARLO
A97: TUB-INS-183 | B97: Niple Tuberia H.D. 10" x 5.00m | C97: UN | D97: =2367000*1.19 -> 2816730 | E97: Apolo | F97: GIANCARLO
A98: TUB-INS-184 | B98: Niple Tuberia H.D. 10" x 5.50m | C98: UN | D98: =2603000*1.19 -> 3097570 | E98: Apolo | F98: GIANCARLO
A99: TUB-INS-185 | B99: Niple Fundido H.D. 12" x 0.50m | C99: UN | D99: =1198000*1.19 -> 1425620 | E99: Apolo | F99: GIANCARLO
A100: TUB-INS-186 | B100: Niple Fundido H.D. 12" x 1.00m | C100: UN | D100: =2396000*1.19 -> 2851240 | E100: Apolo | F100: GIANCARLO
A101: TUB-INS-187 | B101: Niple Tuberia H.D. 12" x 1.50m | C101: UN | D101: =934000*1.19 -> 1111460 | E101: Apolo | F101: GIANCARLO
A102: TUB-INS-188 | B102: Niple Tuberia H.D. 12" x 2.00m | C102: UN | D102: =1245000*1.19 -> 1481550 | E102: Apolo | F102: GIANCARLO
...
